 Dungeon Crawl Stone Soup version 0.29.0-11-gd7f09526c8 (webtiles) character file.

Game seed: 13628934408994539215

58 SensoryNuts the Trooper (level 3, 0/34 HPs)
             Began as a Minotaur Fighter on Sept 2, 2022.
             Frozen to death by an endoplasm (1 damage)
             ... on level 2 of the Dungeon.
             The game lasted 00:01:23 (1479 turns).

SensoryNuts the Trooper (Minotaur Fighter)          Turns: 1479, Time: 00:01:24

Health: 0/34       AC:  8    Str: 22    XL:     3   Next: 75%
Magic:  2/2        EV:  9    Int:  5    God:
Gold:   144        SH:  4    Dex:  9    Spells: 2/2 levels left

rFire   . . .      SeeInvis .   a - +0 trident
rCold   . . .      Faith    .   c - +0 buckler
rNeg    . . .      Spirit   .   b - +0 scale mail
rPois   .          Reflect  .   (helmet restricted)
rElec   .          Harm     .   (no cloak)
rCorr   .          Rampage  .   i - +0 pair of gloves
Will    .....                   (no boots)
Stlth   ..........              (no amulet)
HPRegen 0.11/turn               (no ring)
MPRegen 0.08/turn               (no ring)

@: no status effects
A: horns 2, retaliatory headbutt, inability to drink after injury 1
a: no special abilities


You were on level 2 of the Dungeon.
You visited 1 branch of the dungeon, and saw 2 of its levels.

You collected 144 gold pieces.

Inventory:

Hand Weapons
 a - a +0 trident (weapon)
Armour
 b - a +0 scale mail (worn)
 c - a +0 buckler (worn)
 i - a +0 pair of gloves (worn)
Jewellery
 g - a ring of resist corrosion
Scrolls
 f - 4 scrolls of identify {unknown}
 h - a scroll of summoning {unknown}
Potions
 d - a potion of mutation
 e - a potion of heal wounds {unknown}


   Skills:
 + Level 4.4 Fighting
 * Level 3.3 Polearms
 + Level 4.1 Armour
 + Level 0.2 Dodging
 + Level 4.1 Shields


You had 2 spell levels left.
You didn't know any spells.
Your spell library contained the following spells:

 Spells                   Type           Power      Damage    Failure   Level
 Apportation              Tloc           0%         N/A       87%         1
 Ensorcelled Hibernation  Hex/Ice        0%         N/A       95%         2
 Passwall                 Tmut/Erth      0%         N/A       95%         2
 Swiftness                Air            0%         N/A       99%         3


Dungeon Overview and Level Annotations

Branches:
Dungeon (2/15)

Altars:


Innate Abilities, Weirdness & Mutations

You have a pair of horns on your head.
You reflexively headbutt those who attack you in melee.
You occasionally lose the ability to drink potions when taking damage.


Message History

The jackal bites you but does no damage.
The quokka bites you but does no damage.
The jackal barely misses you.
You closely miss the quokka.
The quokka is heavily wounded.
The jackal bites you. The quokka closely misses you.
The jackal barely misses you.
You barely miss the quokka.
The quokka is heavily wounded.
The quokka bites you. The jackal closely misses you.
You block the quokka's attack. You block the jackal's attack.
The jackal bites you. The quokka attacks as you move away!
The quokka bites you.
* * * LOW HITPOINT WARNING * * *
The jackal closely misses you. The jackal closely misses you.
You puncture the jackal!
You kill the jackal!
The quokka bites you but does no damage.
The goblin barely misses you. You furiously retaliate!
You headbutt the goblin!
You kill the goblin!
You completely miss the quokka.
The quokka is heavily wounded.
You block the quokka's attack.
You closely miss the quokka.
The quokka is heavily wounded.
The quokka bites you but does no damage.
You block the quokka's attack.
You barely miss the quokka.
The quokka is heavily wounded.
The endoplasm freezes you.
You are frozen.
* * * LOW HITPOINT WARNING * * *
The quokka bites you.
* * * LOW HITPOINT WARNING * * *
It was a potion of mutation.
You feel extremely strange.
You occasionally lose the ability to drink potions when taking damage.
The endoplasm freezes you.
You are frozen.
You die...

#...###.###.#...
#...##########...##.......... #
##........†.......##...#...... .
....###......#...##...#...... #
#.#....##......+...............
#[#.#....##......#...............
.....J..##......#...##..........
#..#.#########...#..^.........
#........†.Sr@..#.##^.........
.##..#.##.###.#J.#.#............
#................#.#.##..........
..............>..#.#.#.†.#.###...
#.#.#.#.##.###...#.#.#_^.#......#
# #.#.#.##.# #.#.#.#†#...##.....#
# #.#.##.# #...#.#.##.........#
#.#.##.# #...P#.#...........#
...... ......#.##....#.#.##


You could see an adder, an endoplasm and a quokka.

Vanquished Creatures
  An adder (D:2)
  2 dart slugs
  3 ball pythons
  3 bats
  2 endoplasms
  4 giant cockroaches
  2 hobgoblins
  6 jackals (D:2)
  4 kobolds
  2 quokkas
  6 goblins
  2 rats (D:2)
37 creatures vanquished.

Notes
Turn   | Place    | Note
-------+----------+-------------------------------------------
     0 | D:1      | SensoryNuts the Minotaur Fighter began the quest for the
                  | Orb.
     0 | D:1      | Reached XP level 1. HP: 19/19 MP: 0/0
   167 | D:1      | Reached XP level 2. HP: 27/27 MP: 1/1
   921 | D:2      | Reached XP level 3. HP: 5/33 MP: 2/2
  1254 | D:2      | Found a faded altar of an unknown god.
  1260 | D:2      | Got Plato's Lectures on Wanderlust
  1478 | D:2      | HP: 1/34 [quokka (4)]
  1479 | D:2      | Gained mutation: You occasionally lose the ability to drink
                  | potions when taking damage. [potion of mutation]
  1479 | D:2      | Frozen to death by an endoplasm

Illustrated notes

Levels and vault maps discovered:
D:1:      dpeg_arrival_erosion, layout_loops_corners
D:2:      layout_basic, shapermc_ecumenical_altar_rom_forum, minmay_pentomino_u4

Skill      XL: |  1  2 |
---------------+-------+-----
Armour         | 4 |  4.1
Shields        | 4 |  4.1
Polearms       | 3 |  3.3
Fighting       | 4 |  4.4
Dodging        | |  0.2

Action                   || total
-------------------------++-------
Melee: Trident           ||   108
       Headbutt          ||     9
  Use: Potion            ||     2
Armor: Scale mail        ||    55
Dodge: Dodged            ||    55
Block: Buckler           ||    31
